 Dungeon Crawl Stone Soup version 0.16-a0-395-g6404e95 (console) character file.

4 gw the Magician (level 1, 0/14 HPs)
             Began as a Demigod Wizard on Sept 14, 2014.
             Slain by a jackal (1 damage)
             ... on Level 1 of the Dungeon.
             The game lasted 00:00:07 (187 turns).

gw the Magician (Demigod Wizard)                     Turns: 187, Time: 00:00:07

HP   0/14        AC  3     Str 10      XL: 1   Next: 46%
MP   0/4         EV 11     Int 22      God:
Gold 0           SH  0     Dex 14      Spells:  1 memorised,  4 levels left

rFire  . . .     SeeInvis .     a - +0 club
rCold  . . .     Clarity  .     e - +0 leather armour (curse)
rNeg   . . .     rCorr    .     (no shield)
rPois  .         rRot     .     b - +0 hat
rElec  .         Spirit   .     (no cloak)
SustAb .         Warding  .     (no gloves)
rMut   .         Stasis   .     (no boots)
Gourm  .                        (no amulet)
MR     .....                    (no ring)
                                (no ring)

@: not resistant to hostile enchantments, unstealthy
A: no striking features
a: no special abilities


You were on level 1 of the Dungeon.
You were not hungry.

You visited 1 branch of the dungeon, and saw 1 of its levels.

Inventory:

Hand weapons
 a - a +0 club (weapon)
Armour
 b - a +0 hat (worn)
 e - a cursed +0 leather armour (worn)
Comestibles
 d - a bread ration
 g - a meat ration
 h - a beef jerky
Potions
 f - a potion of might {unknown}
Books
 c - a book of Minor Magic

   Spells                             Type                      Level
   *Magic Dart                        Conjuration                  1
   Blink                              Translocation                2
   Call Imp                           Summoning                    2
   Repel Missiles                     Charms/Air                   2
   Slow                               Hexes                        2
   Conjure Flame                      Conjuration/Fire             3
   Mephitic Cloud                     Conjuration/Poison/Air       3


   Skills:
 + Level 0.3 Armour
 - Level 1.7 Dodging
 - Level 1.7 Stealth
 + Level 2.7 Spellcasting
 * Level 1.1 Conjurations
   Level 0.8 Summonings
   Level 0.8 Translocations


You had 4 spell levels left.
You knew the following spells:

 Your Spells              Type           Power        Failure   Level  Hunger
a - Magic Dart            Conj           #...         10%         1    None


Dungeon Overview and Level Annotations

Branches:
Dungeon (1/15)


Message History

The jackal bites you. The jackal barely misses you.
Casting: Magic Dart
Confirm with . or Enter, or press ? or * to list all spells.
Aiming: Magic Dart
Press: ? - help, Shift-Dir - straight line, f - jackal
Aim: a jackal (lightly wounded)
The magic dart hits the jackal.
The jackal is moderately wounded.
The jackal bites you.
Your magical contamination has completely faded away.
ATTACKING (-1,0)
You hit the jackal but do no damage.
The jackal is moderately wounded.
The jackal bites you.
The jackal bites you but does no damage.
ATTACKING (-1,0)
You hit the jackal.
The jackal is heavily wounded.
The jackal bites you. x2
You die...

.#.# #.#.## #....#
#....## #....[# #
#######...#.# ####.
[.......#.#.#
#.....###..%..#...#
#...hp'.........#
#.#$###.....##..#
.) #.....###.## ..(
#.....# #..# ...
#.....# #..# .
#.....# ##.##
#.....# #..#
#.....# #..#
####### ##.##


You could see a jackal.

Table legend:
 A = Turns spent in this place as a percentage of turns spent in the entire game.
 B = Non-inter-level travel turns spent in this place as a percentage of non-inter-level travel turns spent in the entire game.
 C = Inter-level travel turns spent in this place as a percentage of turns spent in this place.
 D = Turns resting spent in this place as a percentage of non-inter-level travel turns spent in this place.
 E = Turns spent auto-exploring this place as a percentage of non-inter-level travel turns spent in this place.
 F = Non-inter-level travel turns spent in this place divided by the number of levels of this place that you've seen.
                   A       B       C       D       E      F
               +-------+-------+-------+-------+-------+----------------------
         Total | 100.0 | 100.0 |   0.0 |   2.7 |  12.3 |  73.0
       Dungeon | 100.0 | 100.0 |   0.0 |   2.7 |  12.3 |  73.0
               +-------+-------+-------+-------+-------+----------------------

Table legend:
 A = Kills in this place as a percentage of kills in entire the game.
 B = Kills by you in this place as a percentage of kills by you in the entire game.
 C = Kills by friends in this place as a percentage of kills by friends in the entire game.
 D = Other kills in this place as a percentage of other kills in the entire game.
 E = Experience gained in this place as a percentage of experience gained in the entire game.
 F = Experience gained in this place divided by the number of levels of this place that you have seen.
                   A       B       C       D       E      F
               +-------+-------+-------+-------+-------+----------------------
         Total | 100.0 | 100.0 |  -nan |  -nan | 100.0 |   7.0
       Dungeon | 100.0 | 100.0 |  -nan |  -nan | 100.0 |   7.0
               +-------+-------+-------+-------+-------+----------------------

Vanquished Creatures
  A giant gecko (D:1)
  A jackal (D:1)
  A goblin (D:1)
  A kobold (D:1)
4 creatures vanquished.

Notes
Turn   | Place    | Note
--------------------------------------------------------------
     0 | D:1      | gw, the Demigod Wizard, began the quest for the Orb.
     0 | D:1      | Reached XP level 1. HP: 14/14 MP: 4/4
   126 | D:1      | Reached skill level 1 in Conjurations
   187 | D:1      | Slain by a jackal

Action                   || total
-------------------------++-------
Melee: Club              ||    14
 Cast: Magic Dart        ||     7

Vault maps used:
D:1:      scummos_arrival_forest
